 Dungeon Crawl Stone Soup version 0.19-a0-607-g42021f0 (webtiles) character file.

2880 Stormphoenix the Covert (level 9, -2/37 HPs)
             Began as a Felid Monk on June 12, 2016.
             Was a High Priest of Dithmenos.
             Slain by a killer bee (5 damage)
             ... on level 8 of the Dungeon.
             The game lasted 00:21:35 (8979 turns).

Stormphoenix the Covert (Felid Monk)                Turns: 8979, Time: 00:21:36

Health: -2/37      AC:  2    Str: 10    XL:     9   Next: 48%
Magic:  0/10       EV: 20    Int:  9    God:    Dithmenos [*****.]
Gold:   334        SH:  0    Dex: 19    Spells: 0 memorised, 8 levels left
                                        Lives:  0   Deaths: 2

rFire  . . .     SeeInvis +     p - potion of ambrosia
rCold  + . .     Gourm    .     (armour unavailable)
rNeg   . . .     Faith    .     (shield unavailable)
rPois  +         Spirit   +     (helmet unavailable)
rElec  .         Dismiss  .     (cloak unavailable)
rCorr  .         Reflect  .     (gloves unavailable)
SustAt +         Harm     .     (boots unavailable)
MR     .....                    e - amulet of guardian spirit
Stlth  +++++++++.               (no ring)
                                h - ring of sustain attributes

@: vulnerable, wreathed by umbra, quick, not resistant to hostile enchantments,
incredibly stealthy
A: no armour, no weapons or thrown items, claws 1, fangs 3, horns 1, see
invisible, carnivore 3, cold resistance 1, dopey 1, speed 1, poison resistance,
shaggy fur 2, slow metabolism 1, sharp paws
a: Shadow Step, Shadow Form, Renounce Religion


You were on level 8 of the Dungeon.
You worshipped Dithmenos.
Dithmenos was extremely pleased with you.
You were very full.

You visited 2 branches of the dungeon, and saw 12 of its levels.
You also visited: Ossuary.

You collected 334 gold pieces.

Inventory:

Jewellery
 e - an amulet of guardian spirit (around neck)
 h - a ring of sustain attributes (left paw)
Wands
 s - a wand of disintegration (9/24)
Scrolls
 d - 9 scrolls of identify
 f - a scroll of magic mapping
 g - 3 scrolls of remove curse
 t - a scroll of torment
Potions
 m - 3 potions of magic
 p - a potion of ambrosia (in mouth)
Books
 q - a book of Misfortune

   Spells                             Type                      Level
   a - Confusing Touch                Hexes                        2
   b - Confuse                        Hexes                        3
   c - Gell's Gravitas                Hexes/Translocation          3
   d - Petrify                        Transmutation/Earth          4
   e - Metabolic Englaciation         Hexes/Ice                    5
   f - Yara's Violent Unravelling     Hexes/Transmutation          5
Comestibles
 a - 4 meat rations
 c - 3 beef jerkies
 j - 3 slices of pizza


   Skills:
 - Level 3.0 Fighting
 - Level 4.0 Dodging
 - Level 12.9 Stealth
 + Level 12.0 Unarmed Combat
 - Level 0.2 Evocations


You had 8 spell levels left.
You didn't know any spells.

Dungeon Overview and Level Annotations

Branches:
Dungeon (11/15)            Temple (1/1) D:4
   Lair: D:8-11         Orc: D:9-12

Altars:
Ashenzari
Cheibriados
Dithmenos
Elyvilon
Fedhas
Gozag
Hepliaklqana
Kikubaaqudgha
Makhleb
Nemelex Xobeh
Okawaru
Pakellas
Ru
Sif Muna
Trog
Uskayaw
Vehumet
Xom
Yredelemnul
Zin
The Shining One

Shops:
D:4 *   D:8 (   D:10 ?

Annotations:
D:4 Multipenetrator's ghost, novice DsCK
D:5 Dowan; Duvessa
D:8 4 runed doors
D:11 Urug


Innate Abilities, Weirdness & Mutations

You cannot wear armour.
You are incapable of wielding weapons or throwing items.
You have sharp claws.
You have razor-sharp teeth.
You have supernaturally acute eyesight. (SInv)
You are carnivorous and can eat meat at any time.
You cover ground quickly.
You are covered in thick fur. (AC +2)
You have a slow metabolism.
Your sharp claws are effective at attacking unaware monsters.
You have a pair of small horns on your head.
Your flesh is cold resistant. (rC+)
You are dopey. (Int -2)
Your system is resistant to poisons. (rPois)


Message History

Wield which item (- for none, * to show all)? (? for menu, Esc to quit)
p - a potion of ambrosia (in mouth)
The killer bee stings you.
* * * LOW HITPOINT WARNING * * *
You feel better. The killer bee misses you. The orc warrior misses you.
The killer bee misses you.
Wield which item (- for none, * to show all)? (? for menu, Esc to quit)
Okay, then.
The killer bee closely misses you. The killer bee stings you!
* * * LOW HITPOINT WARNING * * *
The killer bee misses you. The killer bee stings you.
You die...

#.# #..###### #######.#
#..##.... #.....#.##
#..##.### #........######
#..##.###
#.............#####........
#......o.####..............
#...o<#.##....#####...#.###
###y###y##.#### #...#.###
#. #.##@# #.......# #y
#o##y# #.####... #.
#.##.########.# #... #o
#...(.........# #... #y
#####.########.# #... #.
#.....# #.# #... #.#####
#.# #(.. #.# #... #.# #...


You could see a killer bee.

Vanquished Creatures
  Joseph (D:7)
  Grinder (D:5)
  3 yaks (D:9)
  A hungry ghost (D:8)
  Menkaure (D:7)
  An orc warrior (D:9)
  A sky beast (D:11)
  2 ice beasts
  4 black bears
  A necrophage (D:7)
  2 phantoms
  7 ogres
  A centaur (D:6)
  A giant frog (D:6)
  A gnoll sergeant (D:8)
  A scorpion (D:5)
  2 killer bees (D:8)
  2 crimson imps
  2 howler monkeys (D:6)
  2 centaur zombies
  2 human zombies (Ossuary)
  A hound (D:8)
  2 quasits
  2 orc priests
  2 centaur skeletons
  6 orc wizards
  A giant frog skeleton (D:7)
  2 iguanas
  6 worker ants
  A killer bee zombie (D:7)
  A big kobold zombie (Ossuary)
  A hound zombie (D:9)
  2 mummies (Ossuary)
  8 adders
  10 gnolls
  4 shadow imps
  2 adder zombies
  An adder skeleton (D:5)
  2 worms
  2 dart slugs
  9 giant geckos
  25 orcs
  6 bats
  6 giant cockroaches
  8 goblins
  7 hobgoblins
  8 jackals (D:4)
  2 quokkas
  A ball python skeleton (D:4)
  A giant gecko skeleton (D:5)
  6 giant newts
  9 hobgoblin zombies (Ossuary)
  6 jackal zombies
  10 kobolds
  8 kobold zombies (Ossuary)
  9 orc zombies (Ossuary)
  36 rats
  2 rat zombies (Ossuary)
254 creatures vanquished.

Vanquished Creatures (others)
  An orc (D:5)
1 creature vanquished.

Grand Total: 255 creatures vanquished

Notes
Turn   | Place    | Note
--------------------------------------------------------------
     0 | D:1      | Stormphoenix the Felid Monk began the quest for the Orb.
     0 | D:1      | Reached XP level 1. HP: 10/10 MP: 2/2
   158 | D:1      | Reached XP level 2. HP: 12/14 MP: 3/3
   900 | D:2      | Reached skill level 5 in Stealth
   900 | D:2      | Reached XP level 3. HP: 16/17 MP: 2/4
  1283 | D:2      | Reached XP level 4. HP: 14/21 MP: 3/5
  1548 | D:2      | Gained mutation: Your flesh is cold resistant. (rC+) [potion of mutation]
  1548 | D:2      | Gained mutation: You have a pair of small horns on your head. [potion of mutation]
  1548 | D:2      | Gained mutation: You are dopey. (Int -2) [potion of mutation]
  2074 | D:3      | Found a shadowy altar of Dithmenos.
  2110 | D:3      | Became a worshipper of Dithmenos the Shadowed
  2110 | D:3      | Reached * piety under Dithmenos
  2110 | D:3      | Reached ** piety under Dithmenos
  2200 | D:3      | Reached XP level 5. HP: 6/24 MP: 4/6
  2548 | D:3      | Found a hazy altar of Hepliaklqana.
  2722 | D:4      | Noticed Multipenetrator's ghost (novice DsCK)
  2978 | D:4      | Found Qumew's General Store.
  3003 | D:4      | Found a shadowy altar of Dithmenos.
  3006 | D:4      | Found an oddly glowing altar of Pakellas.
  3160 | D:4      | Found a blossoming altar of Fedhas.
  3271 | D:4      | Found a staircase to the Ecumenical Temple.
  3280 | Temple   | Entered the Ecumenical Temple
  3708 | D:5      | Entered Level 5 of the Dungeon
  3708 | D:5      | Noticed Grinder
  3714 | D:5      | Killed Grinder
  3714 | D:5      | Reached skill level 10 in Stealth
  3714 | D:5      | Gained mutation: You are covered in thick fur. (AC +2) [Felid growth]
  3714 | D:5      | Reached XP level 6. HP: 28/28 MP: 7/7
  3729 | D:5      | Found a sacrificial altar of Ru.
  3870 | D:5      | Reached XP level 7. HP: 19/31 MP: 8/8
  4260 | D:5      | Noticed Dowan
  4264 | D:5      | Noticed Duvessa
  4289 | D:5      | HP: 1/31 [Duvessa/short sword of speed (3)]
  4665 | D:5      | Slain by a phantom
  4666 | D:5      | Reached XP level 6. HP: -1/28 MP: 0/7
  4789 | D:5      | Reached XP level 7. HP: 16/31 MP: 4/8
  5969 | D:6      | Reached skill level 5 in Unarmed Combat
  6130 | D:6      | Reached *** piety under Dithmenos
  6130 | D:6      | Reached XP level 8. HP: 34/34 MP: 9/9
  6645 | D:6      | Gained mutation: Your system is resistant to poisons. (rPois) [potion of beneficial mutation]
  6908 | D:7      | Noticed Joseph
  6915 | D:7      | Killed Joseph
  6915 | D:7      | Reached XP level 9. HP: 37/37 MP: 10/10
  6946 | D:7      | Found an oddly glowing altar of Pakellas.
  7015 | D:7      | Noticed Menkaure
  7018 | D:7      | Killed Menkaure
  7170 | D:7      | Reached skill level 10 in Unarmed Combat
  7343 | D:7      | Engulfed by a cloud of freezing vapour
  7344 | D:7      | Reached XP level 8. HP: -15/51 MP: 0/9
  7828 | D:8      | Found a shattered altar of Ashenzari.
  7853 | D:8      | Found a huge runed gate.
  7854 | D:8      | Found a huge runed gate.
  7855 | D:8      | Found a huge runed gate.
  7855 | D:8      | Noticed a griffon
  7857 | D:8      | Found a huge runed gate.
  7857 | D:8      | Noticed a polar bear
  7857 | D:8      | Noticed a polar bear
  7857 | D:8      | Noticed a polar bear
  7857 | D:8      | Noticed a griffon
  7859 | D:8      | Noticed a polar bear
  7864 | D:8      | Noticed a polar bear
  7979 | D:8      | You fall through a shaft for 3 floors!
  8109 | D:11     | Reached XP level 9. HP: 37/37 MP: 10/10
  8135 | D:11     | Reached **** piety under Dithmenos
  8136 | D:11     | Noticed Urug
  8236 | D:10     | Entered Level 10 of the Dungeon
  8264 | D:10     | Found Ekual's Magic Scroll Shoppe.
  8300 | D:10     | Noticed a hill giant
  8520 | D:8      | Found Teaclur's Weapon Shop.
  8556 | D:8      | Found a sand-covered staircase.
  8562 | Ossuary  | Entered an ossuary
  8714 | Ossuary  | Reached ***** piety under Dithmenos
  8979 | D:8      | Slain by a killer bee

Vault maps used:
D:1:      lemuel_arrival_broad_hall, hex_medium
D:2:      kennysheep_minor_cross, minmay_rats_cheesy_pizza
D:3:      nicolae_overflow_hidden_temple, serial_corexii_hall,
          corexii_hall_statues_t, corexii_hall_statues_x,
          corexii_hall_statues_i, corexii_hall_statues_i,
          nicolae_dithmenos_shadow_blocks
D:4:      grunt_temple_overflow_open, temple_statues, serial_shops, shop,
          fedhas_altar_3
D:5:      first_bread, nicolae_ru_great_annihilating_truth, uniq_duvessa,
          uniq_grinder
D:6:      kennysheep_small_circle
D:7:      lemuel_ice_spiral_2, grunt_pakellas_mercury, uniq_menkaure,
          uniq_joseph
D:8:      lemuel_bear_cage, david_lair_generic, serial_shops,
          nicolae_shop_statue_plus, basic_altar, enter_ossuary_2
D:9:      lemuel_coloured_pillars_altar
D:10:     serial_shops, nicolae_shop_temple_entry_statues_fountains,
          lemuel_hellish_altar
D:11:     hangedman_little_slice_of_home, uniq_fannar, uniq_urug
Temple:   kilobyte_greek_temple_18
Ossuary:  ossuary_tomb_1

Skill      XL: |  1  2  3  4  5  6  7  8  9 |
---------------+----------------------------+-----
Stealth        | 3 5 6 7 10 12 11 | 12.9
Unarmed Combat | 6 11 12 | 12.0
Fighting       | |  3.0
Dodging        | |  4.0
Evocations     | |  0.2

Action                   |  1- 3 |  4- 6 |  7- 9 || total
-------------------------+-------+-------+-------++-------
Melee: Unarmed           |    94 |   187 |   383 ||   664
       Bite              |     7 |    10 |    45 ||    62
       Punch             |       |     7 |     6 ||    13
       Headbutt          |       |    21 |    76 ||    97
Evoke: Wand              |       |       |     6 ||     6
  Use: Scroll            |     5 |     2 |    12 ||    19
       Potion            |     1 |     7 |     5 ||    13
 Stab: Sleeping          |    11 |    34 |    51 ||    96
       Distracted        |       |     3 |     2 ||     5
  Eat: Chunk             |     8 |     3 |    21 ||    32
Armor: Skin              |     5 |     4 |    11 ||    20
Dodge: Dodged            |    66 |   124 |   265 ||   455
